 Dungeon Sprint DCSS version 0.24-a0-254-gf493760c10 (webtiles) character file.

Game seed: 16905939253204998907

53179 Findor the Peltast (level 14, -10/104 HPs)
             Began as a Gargoyle Fighter on Apr 18, 2019.
             Was the Champion of Makhleb.
             Killed from afar by a green draconian annihilator (52 damage)
             ... with an iron shot
             ... in the Dungeon (Sprint IX: "|||||||||||||||||||||||||||||").
             The game lasted 00:10:50 (3878 turns).

Findor the Peltast (Gargoyle Fighter)               Turns: 3878, Time: 00:10:50

Health: -10/104    AC: 38    Str: 23    XL:     14   Next: 67%
Magic:  23/23      EV: 10    Int: 11    God:    Makhleb [******]
Gold:   1303       SH: 24    Dex: 12    Spells: 13/13 levels left

rFire    + . .     SeeInvis .   l - +8 eveningstar
rCold    . . .     Gourm    .   z - +1 large shield
rNeg     + . .     Faith    .   C - +2 plate armour {rF+}
rPois    ∞         Spirit   .   h - +0 helmet
rElec    +         Reflect  .   j - +0 cloak
rCorr    .         Harm     .   p - +0 pair of gloves
MR       +....     NoTele   +   q - +0 pair of boots
Stlth    ..........             (no amulet)
HPRegen  0.27/turn              b - +3 ring of dexterity
MPRegen  0.18/turn              v - +5 ring of slaying

@: no status effects
A: big wings, negative energy resistance 1, electricity resistance, unbreathing,
petrification resistance, rot immunity, AC +10
a: Fly, Minor Destruction, Lesser Servant of Makhleb, Major Destruction, Greater
Servant of Makhleb, Renounce Religion


You were in the Dungeon.
You worshipped Makhleb.
Makhleb was exalted by your worship.
You were not hungry.

You visited 1 branch You collected 1900 gold pieces.
You spent 597 gold pieces at shops.


Innate Abilities, Weirdness & Mutations

You are resistant to torment.
Your stone body is resilient. (AC +10)
You are immune to poison.
Your large and strong wings let you fly indefinitely.
You resist negative energy. (rN+)
You are resistant to electric shocks. (rElec)
You can survive without breathing.
You are immune to petrification.
You are immune to rotting.


   Skills:
 + Level 18.4 Fighting
 * Level 20.1 Maces & Flails
 + Level 18.3 Armour
 + Level 8.1 Dodging
 * Level 20.7 Shields
 - Level 12.0 Invocations


You had 13 spell levels left.
You didn't know any spells.
Your spell library was empty.

Inventory:

Hand Weapons
 a - a +0 flail
 l - a +8 eveningstar (weapon)
   (You took it off Urug in the Dungeon)
 o - a +2 dire flail of crushing
   (You found it in the Dungeon)
Missiles
 E - 3 throwing nets (quivered) {!f}
Armour
 h - a +0 helmet (worn)
   (You found it in the Dungeon)
 j - a +0 cloak (worn)
   (You found it in the Dungeon)
 p - a +0 pair of gloves (worn)
   (You found it in the Dungeon)
 q - a +0 pair of boots (worn)
   (You found it in the Dungeon)
 w - the +6 ring mail "Kotirit" {MP+9 Str+3 Dex+3}
   (You found it in the Dungeon)

   It affects your strength (+3).
   It affects your dexterity (+3).
   It affects your magic capacity (+9).
 z - a +1 large shield (worn)
   (You found it in the Dungeon)
 C - a +2 plate armour of fire resistance (worn)
   (You took it off an orc warrior in the Dungeon)
 F - a +0 shield of reflection
   (You took it off Donald in the Dungeon)
Jewellery
 b - a +3 ring of dexterity (left hand)
   (You found it in the Dungeon)
 v - a +5 ring of slaying (right hand)
   (You found it in the Dungeon)
Wands
 y - a wand of scattershot (3)
   (You bought it in a shop in the Dungeon)
 D - a wand of enslavement (6)
   (You took it off Harold in the Dungeon)
Scrolls
 k - 4 scrolls of blinking
 m - 3 scrolls of remove curse {@r2}
 n - 2 scrolls of amnesia
 s - 3 scrolls of fog
 t - a scroll of enchant weapon
 u - 2 scrolls of fear
 A - 2 scrolls of enchant armour
Potions
 c - a potion of resistance
 d - a potion of mutation {!q}
 e - 5 potions of curing {@q1}
 g - 4 potions of heal wounds {@q2}
 i - 5 potions of magic
 r - a potion of agility
 x - a potion of flight
Comestibles
 f - 11 rations


Message History

Unknown command.
Unknown command.
Unknown command.
You closely miss the hornet. You block the hornet's attack.
The ironbrand convoker casts a spell at something.
You puncture the hornet! You block the hornet's attack. Ilsuiw hits you.
Ilsuiw freezes you!!
* * * LOW HITPOINT WARNING * * *
Unknown command.
Unknown command.
You impale the hornet!!
You kill the hornet!
Makhleb accepts your kill.
You feel better.
A freezing mist starts to gather...
A hornet simulacrum comes into view.
You impale the hornet simulacrum!!
The hornet simulacrum vapourises!
You block Ilsuiw's attack.
Really walk into that cloud of freezing vapour? [Y]es or [N]o only, please.
Really walk into that cloud of freezing vapour?
Okay, then.
Unknown command.
Unknown command.
You impale Ilsuiw!! You bludgeon Ilsuiw!!
The mummy priest utters an invocation to its god.
Ilsuiw closely misses you.
The ironbrand convoker points at something and mumbles some strange words.
You completely miss Ilsuiw. Ilsuiw hits you but does no damage.
The mummy priest mumbles some strange prayers to its god.
The green draconian annihilator gestures wildly while chanting.
The green draconian annihilator blinks!
You skewer Ilsuiw like a kebab!!!
The ironbrand convoker begins to recite a word of recall!
Really walk into that cloud of freezing vapour?
Okay, then.
Unknown command.
The shadow hits you.
The mummy priest calls on the powers of darkness!
Something is bathed in an unholy light!
The ironbrand convoker convulses!
Your body is wracked with pain!
* * * LOW HITPOINT WARNING * * *
The green draconian annihilator convulses!
Unknown command.
You closely miss the shadow. The shadow hits you.
The green draconian annihilator points at you and mumbles some strange words.
The iron shot hits you!!!
Ouch! That really hurt!
You die...

▓▓▓▓▓▓▓▓▓▓▓▓▓▓▓▓▓▓▓▓▓▓▓▓
.{p.M.W@○q)))†(..)......
▓▓▓▓▓▓▓▓▓▓▓▓▓▓▓▓▓▓▓▓▓▓▓▓▓▓▓▓▓▓▓▓▓
............................)....
▓▓▓▓♣♣♣♣♣♣♣♣♣♣▓▓▓▓▓▓▓▓▓▓▓▓▓▓▓▓▓▓▓
...'.....[.÷.†.....)).)(......†..
▓▓▓▓♣♣♣♣♣♣♣♣♣♣▓▓▓▓▓▓▓▓▓▓▓▓▓▓▓▓▓▓▓
.......÷..................)......
▓▓▓▓▓▓▓▓▓▓▓▓▓▓▓▓▓▓▓▓▓▓▓▓▓▓▓▓▓▓▓▓▓
'.......[)(...)))..........[[[[.[


You could see a green draconian annihilator, a mummy priest, an ironbrand
convoker and a shadow.

Vanquished Creatures
  A lich (D)
  Donald (D)
  Ilsuiw (D)
  2 frost giants (D)
  A stone giant (D)
  Snorg (D)
  An ettin (D)
  5 fire dragons (D)
  A great orb of eyes (D)
  2 ice dragons (D)
  Harold (D)
  5 hydras (D)
  A spriggan air mage (D)
  3 alligators (D)
  A rakshasa (D)
  A centaur warrior (D)
  A satyr (D)
  3 ogre magi (D)
  A death knight (D)
  4 deep troll earth magi (D)
  2 tengu warriors (D)
  Urug (D)
  A hell knight (D)
  3 orc high priests (D)
  A shock serpent (D)
  A salamander mystic (D)
  A wizard (D)
  2 unseen horrors (D)
  3 lindwurms (D)
  A swamp dragon (D)
  A necromancer (D)
  A deep elf mage (D)
  3 orc knights (D)
  3 orc sorcerers (D)
  2 ugly things (D)
  A wolf spider (D)
  An orb spider (D)
  2 merfolk sirens (D)
  6 black mambas (D)
  A naga mage (D)
  4 spiny frogs (D)
  3 water nymphs (D)
  2 yaktaurs (D)
  2 komodo dragons (D)
  3 demonic crawlers (D)
  A troll (D)
  3 tyrant leeches (D)
  2 hornets (D)
  A polar bear (D)
  2 jumping spiders (D)
  2 hippogriffs (D)
  2 tarantellas (D)
  2 water elementals (D)
  2 wyverns (D)
  A yak (D)
  A floating eye (D)
  A water moccasin (D)
  2 porcupines (D)
  2 ice beasts (D)
  2 phantoms (D)
  12 orc warriors (D)
  A centaur (D)
  A crocodile (D)
  3 bullfrogs (D)
  2 scorpions (D)
  A killer bee (D)
  7 orc priests (D)
  An orc wizard (D)
  2 worker ants (D)
  2 adders (D)
  An adder zombie (D)
  2 worms (D)
  14 orcs (D)
  A bat (D)
  A bat zombie (D)
  2 hobgoblins (D)
  A kobold (D)
  A rat (D)
169 creatures vanquished.

Vanquished Creatures (others)
  An unseen horror (D)
  A spiny frog (D)
  A shadow (D)
  A swamp drake (D)
4 creatures vanquished.

Grand Total: 173 creatures vanquished

Notes
Turn   | Place    | Note
-------+----------+-------------------------------------------
     0 | D        | Findor the Gargoyle Fighter began the quest for the Orb.
     0 | D        | Reached XP level 1. HP: 14/14 MP: 1/1
    12 | D        | Reached skill level 3 in Maces & Flails
    77 | D        | Noticed a scorpion
    77 | D        | Noticed a worker ant
    77 | D        | Noticed a scorpion
    77 | D        | Noticed a worker ant
    86 | D        | Killed a worker ant
    86 | D        | Reached XP level 2. HP: 19/19 MP: 2/2
    86 | D        | Reached XP level 3. HP: 23/23 MP: 3/3
   105 | D        | Killed a scorpion
   105 | D        | Reached skill level 6 in Shields
   105 | D        | Reached XP level 4. HP: 17/28 MP: 4/4
   118 | D        | Reached XP level 5. HP: 20/32 MP: 5/5
   252 | D        | Found a roughly hewn altar of Beogh.
   252 | D        | Found a snail-covered altar of Cheibriados.
   252 | D        | Found a shadowy altar of Dithmenos.
   252 | D        | Found a white marble altar of Elyvilon.
   252 | D        | Found a blossoming altar of Fedhas.
   252 | D        | Found an opulent altar of Gozag.
   253 | D        | Found a hazy altar of Hepliaklqana.
   254 | D        | Found a viscous altar of Jiyva.
   255 | D        | Found an ancient bone altar of Kikubaaqudgha.
   256 | D        | Found a corrupted altar of Lugonu.
   257 | D        | Found a burning altar of Makhleb.
   258 | D        | Found a sparkling altar of Nemelex Xobeh.
   259 | D        | Found an iron altar of Okawaru.
   260 | D        | Found a stormy altar of Qazlal.
   261 | D        | Found a sacrificial altar of Ru.
   262 | D        | Found a deep blue altar of Sif Muna.
   263 | D        | Found a bloodstained altar of Trog.
   264 | D        | Found a hide-covered altar of Uskayaw.
   265 | D        | Became a worshipper of Makhleb the Destroyer
   266 | D        | Found a radiant altar of Vehumet.
   267 | D        | Found an ornate altar of the Wu Jian Council.
   268 | D        | Found a shimmering altar of Xom.
   269 | D        | Found a basalt altar of Yredelemnul.
   270 | D        | Found a glowing silver altar of Zin.
   271 | D        | Found a glowing golden altar of the Shining One.
   346 | D        | Noticed a troll
   346 | D        | Noticed a phantom
   371 | D        | Killed a troll
   371 | D        | Reached skill level 12 in Maces & Flails
   371 | D        | Reached XP level 6. HP: 24/37 MP: 6/6
   378 | D        | HP: 6/37 [killer bee (4)]
   379 | D        | HP: 2/37 [killer bee (2)]
   384 | D        | Reached * piety under Makhleb
   404 | D        | HP: 5/37 [phantom (4)]
   412 | D        | Killed a phantom
   412 | D        | Reached ** piety under Makhleb
   412 | D        | Reached XP level 7. HP: 7/41 MP: 7/7
   677 | D        | Noticed a five-headed hydra
   690 | D        | HP: 6/41 [five-headed hydra (9)]
   691 | D        | Killed a five-headed hydra
   691 | D        | Reached skill level 9 in Shields
   691 | D        | Reached XP level 8. HP: 38/53 MP: 8/8
   691 | D        | Reached *** piety under Makhleb
   872 | D        | Noticed a komodo dragon
   872 | D        | Noticed a spiny frog
   872 | D        | Noticed a spiny frog
   872 | D        | Noticed a yak
   873 | D        | Reached XP level 9. HP: 59/59 MP: 9/9
   874 | D        | Noticed a seven-headed hydra
   880 | D        | Reached **** piety under Makhleb
   883 | D        | Killed a spiny frog
   883 | D        | Reached skill level 9 in Fighting
   883 | D        | Reached skill level 9 in Armour
   883 | D        | Noticed a polar bear
   893 | D        | Killed a spiny frog
   899 | D        | Killed a komodo dragon
   907 | D        | Killed a seven-headed hydra
   907 | D        | Reached ***** piety under Makhleb
   907 | D        | Reached skill level 12 in Shields
   907 | D        | Reached XP level 10. HP: 19/69 MP: 10/10
  1211 | D        | Noticed a spiny frog
  1212 | D        | Noticed a six-headed hydra
  1229 | D        | Killed a spiny frog
  1237 | D        | Reached skill level 12 in Fighting
  1237 | D        | Reached skill level 12 in Armour
  1241 | D        | Noticed an eight-headed hydra
  1242 | D        | Killed a six-headed hydra
  1251 | D        | Killed an eight-headed hydra
  1251 | D        | Reached ****** piety under Makhleb
  1269 | D        | Noticed a lindwurm
  1269 | D        | Noticed a lindwurm
  1286 | D        | Reached XP level 11. HP: 78/78 MP: 11/11
  1296 | D        | Killed a lindwurm
  1297 | D        | Noticed a lindwurm
  1302 | D        | Killed a lindwurm
  1304 | D        | HP: 15/78 [tyrant leech (19)]
  1306 | D        | HP: 4/78 [tyrant leech (11)]
  1541 | D        | Killed a lindwurm
  1615 | D        | Noticed Urug
  1626 | D        | Killed Urug
  1626 | D        | Reached skill level 15 in Shields
  1769 | D        | Reached skill level 1 in Invocations
  1976 | D        | Reached skill level 15 in Maces & Flails
  2000 | D        | Noticed an orc knight
  2015 | D        | Killed an orc knight
  2015 | D        | Reached skill level 3 in Invocations
  2238 | D        | Found Lomi's Assorted Antiques.
  2238 | D        | Noticed an orc high priest
  2238 | D        | Noticed an orc sorcerer
  2238 | D        | Noticed an orc sorcerer
  2239 | D        | Noticed an orc sorcerer
  2240 | D        | Noticed an orc high priest
  2241 | D        | Killed an orc sorcerer
  2243 | D        | Found Itwuthis's Antique Weapon Shop.
  2247 | D        | Killed an orc sorcerer
  2248 | D        | Noticed an orc knight
  2255 | D        | Found Omner's Distillery.
  2258 | D        | Killed an orc high priest
  2261 | D        | Noticed an orc high priest
  2266 | D        | Killed an orc sorcerer
  2271 | D        | Killed an orc high priest
  2271 | D        | Reached skill level 15 in Fighting
  2271 | D        | Reached skill level 15 in Armour
  2271 | D        | Reached skill level 6 in Invocations
  2272 | D        | Found Uckyecle's Distillery.
  2280 | D        | Killed an orc knight
  2280 | D        | Reached XP level 12. HP: 88/88 MP: 16/16
  2291 | D        | Killed an orc high priest
  2317 | D        | Bought a potion of heal wounds for 65 gold pieces
  2323 | D        | Bought a scroll of enchant weapon for 180 gold pieces
  2323 | D        | Bought a bubbling dark potion for 21 gold pieces
  2323 | D        | Bought a potion of magic for 192 gold pieces
  2323 | D        | Bought 2 glowing red potions for 43 gold pieces
  2323 | D        | Bought a forked gold wand for 96 gold pieces
  2480 | D        | Got the +6 ring mail "Kotirit" {MP+9 Str+3 Dex+3}
  2561 | D        | Noticed a tengu warrior
  2576 | D        | Noticed a rakshasa
  2582 | D        | Killed a tengu warrior
  2602 | D        | Noticed a hell knight
  2608 | D        | Killed a rakshasa
  2611 | D        | Noticed a fire dragon
  2618 | D        | Killed a hell knight
  2631 | D        | Killed a fire dragon
  2790 | D        | Noticed Snorg
  2800 | D        | Killed Snorg
  2800 | D        | Reached skill level 1 in Dodging
  2800 | D        | Reached skill level 9 in Invocations
  2815 | D        | Noticed Harold
  2827 | D        | Killed Harold
  3036 | D        | Reached XP level 13. HP: 95/95 MP: 20/20
  3054 | D        | Reached skill level 3 in Dodging
  3129 | D        | Reached skill level 18 in Shields
  3176 | D        | Reached skill level 18 in Maces & Flails
  3335 | D        | Noticed Donald
  3368 | D        | Killed Donald
  3424 | D        | Noticed a great orb of eyes
  3424 | D        | Noticed a lich
  3427 | D        | Paralysed by a floating eye for 3 turns
  3431 | D        | Noticed a fire dragon
  3437 | D        | Paralysed by a floating eye for 2 turns
  3440 | D        | Killed a lich
  3444 | D        | Paralysed by a floating eye for 4 turns
  3448 | D        | Noticed a fire dragon
  3456 | D        | Paralysed by a floating eye for 3 turns
  3461 | D        | Paralysed by a floating eye for 2 turns
  3469 | D        | Killed a great orb of eyes
  3470 | D        | Paralysed by a floating eye for 2 turns
  3478 | D        | Noticed a frost giant
  3488 | D        | Killed a fire dragon
  3495 | D        | Noticed a stone giant
  3500 | D        | Killed a fire dragon
  3500 | D        | Reached skill level 6 in Dodging
  3500 | D        | Gained mutation: Your large and strong wings let you fly
                  | indefinitely. [Gargoyle growth]
  3500 | D        | Reached XP level 14. HP: 57/102 MP: 22/22
  3514 | D        | Killed a frost giant
  3514 | D        | Reached skill level 12 in Invocations
  3515 | D        | Noticed a frost giant
  3521 | D        | Killed a stone giant
  3531 | D        | Killed a frost giant
  3793 | D        | Reached skill level 18 in Fighting
  3817 | D        | Reached skill level 18 in Armour
  3849 | D        | Noticed Ilsuiw
  3850 | D        | Noticed a green draconian annihilator
  3868 | D        | Killed Ilsuiw
  3878 | D        | Killed from afar by a green draconian annihilator

Levels and vault maps discovered:
D:        linesprint [early_d, line_temple, items_1, d_10, items_2, lair_1,
          lair_end, items_3, orc_1, orc_end, items_4, d_15, swamp_1, shoals_1,
          snake_1, spider_1, d_20, vaults_1, items_5, swamp_end, shoals_end,
          snake_end, spider_end, vaults_end, d_27, items_6, zot_1, zot_end,
          crypt_end, forest_end, elf_end, slime_end, tomb_end, abyss_end,
          pan_hell_end]

Action                   |  1- 3 |  4- 6 |  7- 9 | 10-12 | 13-15 || total
-------------------------+-------+-------+-------+-------+-------++-------
Melee: Flail             |    43 |    16 |       |       |       ||    59
       Dire flail        |       |    41 |    46 |    97 |       ||   184
       Eveningstar       |       |       |       |   232 |   296 ||   528
Invok: Greater Servant o |       |       |       |       |     1 ||     1
Evoke: Wand              |       |       |     6 |     4 |       ||    10
  Use: Potion            |     2 |     4 |     1 |     7 |       ||    14
       Scroll            |       |       |       |     3 |       ||     3
 Stab: Confused          |       |       |       |       |     1 ||     1
  Eat: Chunk             |       |       |       |     7 |     3 ||    10
Armor: Scale mail        |    15 |     8 |       |       |       ||    23
       Ring mail         |       |    24 |    31 |    70 |       ||   125
       Plate armour      |       |       |       |    15 |   108 ||   123
Dodge: Dodged            |     5 |    27 |    17 |    62 |    37 ||   148
Block: Shield            |    19 |     2 |       |    45 |       ||    66
       Large shield      |       |       |       |    90 |   172 ||   262
